 Dungeon Crawl Stone Soup version 0.29-a0-334-gb41bcbb86e (webtiles) character file.

Game seed: 18232930201903858424

11 Jortsu the Shield-Bearer (level 2, 29/29 HPs)
             Began as a Troll Fighter on Apr 15, 2022.
             Was a High Priest of Ignis.
             Quit the game on level 1 of the Dungeon.
             The game lasted 00:00:32 (124 turns).

Jortsu the Shield-Bearer (Troll Fighter)             Turns: 124, Time: 00:00:32

Health: 29/29      AC:  4    Str: 23    XL:     2   Next: 13%
Magic:  1/1        EV:  8    Int:  4    God:    Ignis [*****.]
Gold:   0          SH:  7    Dex:  9    Spells: 1/1 levels left

rFire   + . .      SeeInvis .   a - +0 flail
rCold   . . .      Faith    .   c - +0 kite shield
rNeg    . . .      Spirit   .   b - +0 robe
rPois   .          Reflect  .   (helmet restricted)
rElec   .          Harm     .   (no cloak)
rCorr   .          Rampage  .   (gloves unavailable)
Will    .....                   (boots unavailable)
Stlth   +.........              (no amulet)
HPRegen 0.89/turn               (no ring)
MPRegen 0.07/turn               (no ring)

@: no status effects
A: large, unfitting armour, claws 3, regeneration 1, shaggy fur 1, tough skin 1
a: Renounce Religion, Fiery Armour, Foxfire Swarm, Rising Flame


You were on level 1 of the Dungeon.
You worshipped Ignis.
Ignis was extremely pleased with you.
You visited 1 branch of the dungeon, and saw 1 of its levels.

Inventory:

Hand Weapons
 a - a +0 flail (weapon)
Armour
 b - a +0 robe (worn)
 c - a +0 kite shield (worn)
Scrolls
 e - a scroll of summoning {unknown}
 f - a scroll of teleportation {unknown}
Potions
 d - a potion of might


   Skills:
 + Level 2.5 Fighting
 + Level 1.9 Maces & Flails
 + Level 2.6 Dodging
 + Level 2.6 Shields


You had one spell level left.
You didn't know any spells.
Your spell library was empty.

Dungeon Overview and Level Annotations

Branches:
Dungeon (1/15)

Altars:
Ignis


Innate Abilities, Weirdness & Mutations

You are too large for most types of armour.
You have claws for hands.
Your natural rate of healing is unusually fast.
You are covered in fur. (AC +1)
You have tough skin. (AC +1)


Message History

You block the endoplasm's attack.
The rat twitches its whiskers.
You hit the endoplasm.
The endoplasm is lightly wounded.
You block the endoplasm's attack.
You thump the endoplasm!
You kill the endoplasm!
You block the rat's attack.
You have reached level 2!
You closely miss the rat. The rat bites you but does no damage.
You sock the rat!
You kill the rat!
The kobold closely misses you.
You sock the kobold!
You kill the kobold!
Things that are here:
a +0 dagger; a +0 dagger; a rat corpse You block the bat's attack.
You closely miss the bat. The bat barely misses you. The bat hits you.
Found a book of Scorching.
The bat barely misses you. The bat hits you but does no damage.
You closely miss the bat. The bat barely misses you.
The bat hits you but does no damage.
You closely miss the bat. You block the bat's attack. x2
You miss the bat. The bat barely misses you.
The bat hits you but does no damage. You block the bat's attack.
You block the bat's attack. You block the bat's attack.
You barely miss the bat. You block the bat's attack. x2
You hit the bat.
You kill the bat!
You enter the shallow water.
Moving in this stuff is going to be slow.
Found a scroll labelled FUADO EBRAO.
There is a faded altar of an unknown god here.
You cannot tell which god this altar belongs to.
Convert to them anyway?
Ignis accepts your prayer! Ignis welcomes you!
Are you sure you want to abandon this character and quit the game? (Confirm with "yes".)

.## #.............
#.......##.............
#.:≈§≈≈§.#.............
##.§..?..≈..............
#..≈.....≈≈.............
.≈≈.≈...≈≈.§............
§..≈.≈≈≈.≈..≈..######...
≈§..≈.≈≈≈≈≈≈≈..# ...
§§...≈.@≈...)..# ...
≈...≈.≈≈≈≈≈≈≈†## #
≈..≈.≈≈≈.≈..§.#
.≈≈.≈...≈≈.≈.##
#.§≈§....≈≈.##
##§≈.....≈.##
##.§§≈≈§.## ##.....##
#######


There were no monsters in sight!

Vanquished Creatures
  2 endoplasms (D:1)
  A goblin (D:1)
  A hobgoblin (D:1)
  2 kobolds (D:1)
  A ball python (D:1)
  A bat (D:1)
  A frilled lizard (D:1)
  A rat (D:1)
10 creatures vanquished.

Notes
Turn   | Place    | Note
-------+----------+-------------------------------------------
     0 | D:1      | Jortsu the Troll Fighter began the quest for the Orb.
     0 | D:1      | Reached XP level 1. HP: 22/22 MP: 0/0
    77 | D:1      | Found a faded altar of an unknown god.
   104 | D:1      | Reached XP level 2. HP: 29/29 MP: 1/1
   123 | D:1      | Prayed at the altar of an unknown god.
   123 | D:1      | Became a worshipper of Ignis, the Dying Flame
   124 | D:1      | Quit the game

Illustrated notes

Levels and vault maps discovered:
D:1:      wander_arrival_estate, layout_basic,
          shapermc_ecumenical_altar_starsandcircs, grunt_decor_one_mirror,
          minmay_misc_feat_nine_boxes

Action                   || total
-------------------------++-------
Melee: Flail             ||    29
Armor: Robe              ||    10
Dodge: Dodged            ||    10
Block: Kite shield       ||    20

Table legend: (Time is in decaauts)
 A = Elapsed time spent in this place.
 B = Non-inter-level travel time spent in this place.
 C = Inter-level travel time spent in this place.
 D = Time resting spent in this place.
 E = Time spent auto-exploring this place.
 F = Levels seen in this place.
 G = Mean time per level.
                   A        B        C        D        E       F      G
               +--------+--------+--------+--------+--------+-----+--------+
         Total |    137 |    137 |      0 |      0 |     67 |   1 |  137.0 |
       Dungeon |    137 |    137 |      0 |      0 |     67 |   1 |  137.0 |
               +--------+--------+--------+--------+--------+-----+--------+

Top non-repeatable levels by time:
     D:1: 137 daAuts
